 Dungeon Crawl Stone Soup version 0.28-a0-895-g6e5f11bd55 (webtiles) character file.

Game seed: 8483152905119110167

6897 vineage the Fighter (level 11, -7/78 HPs)
             Began as a Gargoyle Fighter on Nov 22, 2021.
             Was an Initiate of Okawaru.
             Mangled by a two-headed ogre (9 damage)
             ... on level 9 of the Dungeon.
             The game lasted 00:15:26 (10834 turns).

vineage the Fighter (Gargoyle Fighter)             Turns: 10834, Time: 00:15:26

Health: -7/78      AC: 17    Str: 19    XL:     11   Next: 6%
Magic:  6/6        EV: 15    Int: 10    God:    Okawaru [......]
Gold:   368        SH:  0    Dex: 16    Spells: 10/10 levels left

rFire   . . .      SeeInvis .   l - +7 glaive of Nemelex Xobeh's Grace {antimagic, Dex+4 Stlth+}
rCold   . . .      Faith    .   (shield currently unavailable)
rNeg    + . .      Spirit   .   v - +2 ring mail of Hysteria {rCorr}
rPois   ∞          Reflect  .   (no helmet)
rElec   +          Harm     .   (no cloak)
rCorr   +          Rampage  .   (no gloves)
Will    .....                   (no boots)
Stlth   ++........              (no amulet)
HPRegen 0.23/turn               s - +4 ring of evasion
MPRegen 0.10/turn               j - ring of magical power

@: mighty, about to teleport
A: sickness immunity, AC +8, negative energy resistance 1, electricity
resistance, torment resistance 1, petrification resistance
a: Renounce Religion


You were on level 9 of the Dungeon.
You worshipped Okawaru.
Okawaru was noncommittal.
You visited 2 branches of the dungeon, and saw 10 of its levels.
You also visited: Sewer.

You collected 368 gold pieces.

Inventory:

Hand Weapons
 g - a +4 dire flail
 l - the +7 glaive of Nemelex Xobeh's Grace (weapon) {antimagic, Dex+4 Stlth+}
   (You found it on level 7 of the Dungeon)

   It reduces the magical energy of the wielder, and disrupts the spells and
   magical abilities of those it strikes.
   Natural abilities and divine invocations are not affected.
   Dex:       It affects your dexterity (+4).
   Stlth:     It makes you more stealthy.
 o - the +6 long sword of Zaox {vorpal, rC- Str+4 Int+5}
   (You found it on level 7 of the Dungeon)

   It inflicts extra damage upon your enemies.
   Str:       It affects your strength (+4).
   Int:       It affects your intelligence (+5).
   rC:        It makes you vulnerable to cold.
Missiles
 z - a throwing net (quivered)
Armour
 a - +0 acid dragon scales
 v - the +2 ring mail of Hysteria (worn) {rCorr}
   (You found it on level 7 of the Dungeon)

   rCorr:     It protects you from acid and corrosion.
Jewellery
 j - a ring of magical power (right hand)
 s - a +4 ring of evasion (left hand)
 y - a +6 ring of strength
Wands
 f - a wand of mindburst (12)
 h - a wand of digging (2)
Scrolls
 i - a scroll of identify
 p - a scroll of enchant armour
 x - 2 scrolls of enchant weapon
Potions
 b - 2 potions of attraction
 c - 3 potions of curing
 d - a potion of might
 e - 2 potions of flight
 k - a potion of invisibility
 m - a potion of cancellation {unknown}
 n - 2 potions of brilliance
 q - a potion of mutation
 r - a potion of lignification
 u - 3 potions of ambrosia
Miscellaneous
 w - a phial of floods


   Skills:
 + Level 13.2 Fighting
 - Level 7.4 Maces & Flails
 + Level 9.2 Armour
 + Level 2.3 Dodging
 - Level 5.3 Shields


You had 10 spell levels left.
You didn't know any spells.
Your spell library contained the following spells:

 Spells                   Type           Power      Damage    Failure   Level
 Apportation              Tloc           0%         N/A       52%         1
 Slow                     Hex            0%         N/A       52%         1
 Confusing Touch          Hex            0%         N/A       87%         3
 Gell's Gravitas          Tloc           0%         N/A       87%         3
 Ignite Poison            Fire/Tmut/Pois 0%         N/A       87%         3
 Mephitic Cloud           Conj/Pois/Air  0%         N/A       87%         3
 Teleport Other           Tloc           0%         N/A       87%         3
 Freezing Cloud           Conj/Ice/Air   0%         6-21      100%        5
 Yara's Violent Unravell  Hex/Tmut       0%         3d3       100%        5
 Dispersal                Tloc           0%         N/A       100%        6
 Animate Skeleton         Necr           Unusable   N/A       N/A         1
 Summon Small Mammal      Summ           Unusable   N/A       N/A         1
 Animate Dead             Necr           Unusable   N/A       N/A         4
 Haunt                    Necr/Summ      Unusable   N/A       N/A         7
 Infestation              Necr           Unusable   N/A       N/A         8

Dungeon Overview and Level Annotations

Branches:
Dungeon (9/15)             Temple (1/1) D:7           Sewer (visited)
   Lair: D:8-11         Orc: D:9-12

Altars:
Cheibriados
Dithmenos
Elyvilon
Gozag
Hepliaklqana
Kikubaaqudgha
Makhleb
Nemelex Xobeh
Okawaru
Qazlal
Sif Muna
Uskayaw
Vehumet
Wu Jian
Xom
Zin
The Shining One

Shops:
D:1 *   D:2 [   D:7 !


Innate Abilities, Weirdness & Mutations

You are immune to sickness and miasma.
Your stone body is resilient. (AC +8)
You are immune to poison.
You resist negative energy. (rN+)
You are resistant to electric shocks. (rElec)
You are resistant to unholy torment.
You are immune to petrification.


Message History

You open the door.
There is an open door here.
There is a stone staircase leading up here.
You now have 368 gold pieces (gained 15).
Done exploring.
Done exploring.
Done exploring.
(D) Dungeon (T) Temple
Where to? (Enter - D:7 @ (x,y), ? - help)
There is a stone staircase leading down here.
You climb downwards.
The two-headed ogre shouts in stereo!
There is a stone staircase leading up here.
A two-headed ogre is nearby!
You feel very mighty all of a sudden.
The two-headed ogre hits you with a +0 dire flail.
The two-headed ogre hits you with a +0 giant club!!
You slice the two-headed ogre!!
The two-headed ogre is moderately wounded.
The two-headed ogre hits you with a +0 dire flail!
The two-headed ogre hits you with a +0 giant club!
You barely miss the two-headed ogre.
The two-headed ogre is moderately wounded.
The two-headed ogre barely misses you. The two-headed ogre closely misses you.
You barely miss the two-headed ogre.
The two-headed ogre is moderately wounded.
The two-headed ogre hits you with a +0 dire flail.
The two-headed ogre hits you with a +0 giant club.
You hit the two-headed ogre.
The two-headed ogre is heavily wounded.
The two-headed ogre closely misses you. The two-headed ogre misses you.
The two-headed ogre hits you with a +0 dire flail!
* * * LOW HITPOINT WARNING * * *
The two-headed ogre barely misses you.
As you read the scroll of teleportation, it crumbles to dust.
You feel strangely unstable.
The two-headed ogre hits you with a +0 dire flail!
* * * LOW HITPOINT WARNING * * *
The two-headed ogre hits you with a +0 giant club!
You die...

. ...
.....#######
.......@...#
####..O....#
#...........
#...........
#...........
#...........
......#####.
#......#


You could see a two-headed ogre.

Vanquished Creatures
  A two-headed ogre (D:7)
  A cyclops (D:7)
  A kobold demonologist (D:7)
  2 unseen horrors (D:7)
  5 yaks
  A wyvern (D:7)
  2 wraiths (D:7)
  A basilisk (D:6)
  2 steam dragons (D:7)
  An acid dragon (D:6)
  3 water moccasins
  2 black bears
  An orc warrior (D:7)
  An ice beast (D:8)
  4 necrophages
  2 ogres
  2 centaurs (D:7)
  3 kobold brigands
  2 bullfrogs (D:7)
  A gnoll sergeant (D:8)
  5 scorpions
  6 killer bees
  6 wights
  4 howler monkeys
  A bullfrog zombie (D:4)
  2 jellies (D:7)
  A hound (D:5)
  An orc priest (D:7)
  2 bullfrog skeletons
  3 iguanas
  7 orc wizards
  2 killer bee zombies (D:7)
  A hound skeleton (D:5)
  2 howler monkey zombies
  A howler monkey skeleton (D:4)
  8 adders
  3 gnolls (D:8)
  A river rat (Sewer)
  2 shadow imps
  2 white imps
  An adder skeleton (D:4)
  A worm (D:3)
  4 dart slugs
  16 orcs
  7 endoplasms
  5 giant cockroaches
  5 goblins
  6 hobgoblins
  5 jackals
  13 kobolds
  7 quokkas
  4 ball pythons
  4 bats
  5 frilled lizards
  11 rats
192 creatures vanquished.

Vanquished Creatures (others)
  An orc wizard (D:7)
  11 plants (D:7)
12 creatures vanquished.

Grand Total: 204 creatures vanquished

Notes
Turn   | Place    | Note
-------+----------+-------------------------------------------
     0 | D:1      | vineage the Gargoyle Fighter began the quest for the Orb.
     0 | D:1      | Reached XP level 1. HP: 14/14 MP: 1/1
    72 | D:1      | Found Yfen's Assorted Antiques.
   175 | D:1      | Reached XP level 2. HP: 20/20 MP: 2/2
   230 | D:1      | Reached skill level 4 in Fighting
   799 | D:1      | Reached XP level 3. HP: 14/24 MP: 3/3
  1154 | D:2      | Reached skill level 5 in Fighting
  1184 | D:2      | Reached XP level 4. HP: 29/31 MP: 4/4
  1195 | D:2      | Found a faded altar of an unknown god.
  1256 | D:2      | Found Wufaso Sucu's Armour Shoppe.
  1842 | D:2      | Reached skill level 6 in Fighting
  1908 | D:2      | Reached XP level 5. HP: 36/36 MP: 5/5
  2384 | D:3      | Found a glowing drain.
  2400 | Sewer    | Entered a sewer
  2582 | Sewer    | Noticed a kobold brigand
  2650 | Sewer    | Killed a kobold brigand
  2651 | Sewer    | Reached skill level 7 in Fighting
  2654 | Sewer    | Reached XP level 6. HP: 25/44 MP: 6/6
  2807 | Sewer    | Found a white marble altar of Elyvilon.
  3709 | D:4      | Reached skill level 8 in Fighting
  3801 | D:4      | Reached XP level 7. HP: 29/50 MP: 7/7
  4259 | D:4      | Reached skill level 9 in Fighting
  4591 | D:5      | Entered Level 5 of the Dungeon
  5087 | D:5      | Found an ancient bone altar of Kikubaaqudgha.
  5196 | D:6      | Reached skill level 10 in Fighting
  5196 | D:6      | Reached XP level 8. HP: 54/57 MP: 8/8
  5774 | D:6      | Noticed a yak
  5774 | D:6      | Noticed a yak
  5774 | D:6      | Noticed a yak
  5775 | D:6      | Noticed a yak
  5795 | D:6      | Killed a yak
  5799 | D:6      | Killed a yak
  5804 | D:6      | Killed a yak
  5807 | D:6      | Killed a yak
  5808 | D:6      | Reached XP level 9. HP: 24/63 MP: 9/9
  6067 | D:6      | Reached skill level 11 in Fighting
  6067 | D:6      | Reached skill level 5 in Armour
  6067 | D:6      | Reached skill level 5 in Shields
  7144 | D:7      | Noticed a cyclops
  7155 | D:7      | Reached skill level 5 in Maces & Flails
  7159 | D:7      | Killed a cyclops
  7406 | D:7      | Found Kip Xuch's Distillery.
  7623 | D:7      | Noticed a kobold demonologist
  7623 | D:7      | Noticed a deep elf pyromancer
  7627 | D:7      | Found a runed translucent door.
  7655 | D:7      | Reached skill level 12 in Fighting
  7655 | D:7      | Reached XP level 10. HP: 48/71 MP: 10/10
  8237 | D:7      | Noticed a two-headed ogre
  8250 | D:7      | Killed an unseen horror
  8257 | D:7      | Killed a two-headed ogre
  8434 | D:7      | Killed an unseen horror
  8444 | D:7      | Identified the +6 long sword of Zaox {vorpal, rC- Str+4
                  | Int+5}
  8444 | D:7      | Identified the +7 glaive of Nemelex Xobeh's Grace
                  | {antimagic, Dex+4 Stlth+}
  8444 | D:7      | Identified the +2 ring mail of Hysteria {rCorr}
  8856 | D:7      | Reached skill level 1 in Dodging
  9145 | D:7      | Reached skill level 13 in Fighting
  9187 | D:7      | Found a staircase to the Ecumenical Temple.
  9221 | Temple   | Entered the Ecumenical Temple
  9230 | Temple   | Became a worshipper of Warmaster Okawaru
  9546 | D:7      | Killed a kobold demonologist
 10060 | D:8      | Reached XP level 11. HP: 78/78 MP: 6/11
 10828 | D:9      | Noticed a two-headed ogre
 10834 | D:9      | HP: 2/78 [two-headed ogre (11)]
 10834 | D:9      | Mangled by a two-headed ogre

Illustrated notes

Levels and vault maps discovered:
D:1:      dpeg_arrival_shelter, layout_loops_corners, serial_shops,
          nicolae_shop_trees, minmay_ruptured
D:2:      layout_loops_ring, serial_shops, shop, basic_ecumenical_altar
D:3:      layout_loops_corners, cheibrodos_sewer_entry_drain,
          serial_bayou_pond_b
D:4:      layout_loops_ring, kennysheep_nondescript
D:5:      layout_rooms, general_overflow_altar
D:6:      layout_basic
D:7:      minmay_the_grid_triangle_9x9_rhombus_full
          [minmay_the_grid_triangle_9x9_subtriangle,
          minmay_the_grid_triangle_9x9_flanged_cone,
          minmay_the_grid_triangle_9x9_thin_v,
          minmay_the_grid_triangle_9x9_stretched_checkered,
          minmay_the_grid_triangle_9x9_alien,
          minmay_the_grid_triangle_9x9_pentomino_pain,
          minmay_the_grid_triangle_9x9_limited_checkers,
          minmay_the_grid_triangle_9x9_prize_top_heavy], layout_basic,
          minmay_temple_entry_overgrown, serial_shops,
          nicolae_shop_hallway_stairs
D:8:      layout_loops_corners
D:9:      minmay_cut_squares, layout_irregular_city,
          grunt_lair_entry_orc_guard_hut, orc_0_dummy
Temple:   dpeg_three_leaves_temple

Skill      XL: |  1  2  3  4  5  6  7  8  9 10 11 |
---------------+----------------------------------+-----
Fighting       | 4 5 6 7 8 10 12 13 | 13.2
Armour         | 4 7 9 |  9.2
Shields        | 4 5 |  5.3
Maces & Flails | 3 6 7 |  7.4
Dodging        | 1 2 |  2.3

Action                   |  1- 3 |  4- 6 |  7- 9 | 10-12 || total
-------------------------+-------+-------+-------+-------++-------
Melee: Flail             |    75 |   269 |   224 |       ||   568
       Dire flail        |       |       |    83 |   103 ||   186
       Glaive            |       |       |       |   117 ||   117
  Use: Scroll            |       |     5 |     8 |     8 ||    21
       Potion            |       |     1 |       |    10 ||    11
Armor: Scale mail        |    38 |   127 |   108 |       ||   273
       Acid dragon scale |       |       |    17 |    61 ||    78
       Ring mail         |       |       |       |    72 ||    72
       Skin              |       |       |       |    10 ||    10
Dodge: Dodged            |    27 |   117 |   191 |   191 ||   526
Block: Buckler           |    13 |    52 |    53 |       ||   118

Table legend: (Time is in decaauts)
 A = Elapsed time spent in this place.
 B = Non-inter-level travel time spent in this place.
 C = Inter-level travel time spent in this place.
 D = Time resting spent in this place.
 E = Time spent auto-exploring this place.
 F = Levels seen in this place.
 G = Mean time per level.
                   A        B        C        D        E       F      G
               +--------+--------+--------+--------+--------+-----+--------+
         Total |  11122 |  10747 |    375 |   1894 |   6871 |  11 | 1011.1 |
       Dungeon |  10570 |  10211 |    359 |   1788 |   6628 |   9 | 1174.4 |
        Temple |     18 |      2 |     16 |      0 |      0 |   1 |   18.0 |
         Sewer |    533 |    533 |      0 |    106 |    243 |   1 |  533.0 |
               +--------+--------+--------+--------+--------+-----+--------+

Top non-repeatable levels by time:
     D:7: 2529 daAuts
     D:6: 2243 daAuts
     D:4: 1189 daAuts
     D:1: 1151 daAuts
     D:3: 1028 daAuts
     D:8: 995 daAuts
     D:2: 841 daAuts
     D:5: 583 daAuts
   Sewer: 533 daAuts
  Temple: 18 daAuts
     D:9: 8 daAuts
